 Dungeon Crawl Stone Soup version 0.28.0-53-g5a82cb258f (webtiles) character file.

Game seed: 17206067973477772898

36 safid the Digger (level 3, -1/20 HPs)
             Began as a Gargoyle Earth Elementalist on Aug 25, 2022.
             Shot with a bolt by a kobold (9 damage)
             ... on level 2 of the Dungeon.
             The game lasted 00:03:13 (1962 turns).

safid the Digger (Gargoyle Earth Elementalist)      Turns: 1962, Time: 00:03:14

Health: -1/20      AC:  6    Str: 11    XL:     3   Next: 37%
Magic:  4/6        EV: 12    Int: 17    God:
Gold:   63         SH:  0    Dex: 10    Spells: 5/6 levels left

rFire   . . .      SeeInvis .   l - +1 whip (flame)
rCold   . . .      Faith    .   (no shield)
rNeg    + . .      Spirit   .   b - +0 robe
rPois   ∞          Reflect  .   (no helmet)
rElec   +          Harm     .   j - +0 cloak
rCorr   .          Rampage  .   (no gloves)
Will    .....                   (no boots)
Stlth   ++........              (no amulet)
HPRegen 0.06/turn               (no ring)
MPRegen 0.10/turn               (no ring)

@: no status effects
A: sickness immunity, AC +3, negative energy resistance 1, electricity
resistance, torment resistance 1, petrification resistance
a: no special abilities


You were on level 2 of the Dungeon.
You visited 1 branch of the dungeon, and saw 2 of its levels.

You collected 63 gold pieces.

Inventory:

Hand Weapons
 d - a +0 dagger
 l - a +1 whip of flaming (weapon)
Missiles
 c - 23 stones
Armour
 b - a +0 robe (worn)
 j - a +0 cloak (worn)
Scrolls
 e - a scroll of amnesia {unknown}
 f - a scroll of magic mapping {unknown}
 k - a scroll of teleportation {unknown}
Potions
 a - a potion of degeneration {unknown}
 g - a potion of heal wounds {unknown}
 h - a potion of resistance {unknown}
 i - a potion of invisibility {unknown}


   Skills:
 + Level 0.9 Fighting
 * Level 2.0 Dodging
 + Level 2.6 Stealth
 + Level 2.2 Spellcasting
 - Level 1.0 Transmutations
 + Level 4.0 Earth Magic


You had 5 spell levels left.
You knew the following spells:

 Your Spells              Type           Power      Damage    Failure   Level
a - Sandblast             Erth           30%        2d9       3%          1

Your spell library contained the following spells:

 Spells                   Type           Power      Damage    Failure   Level
 Passwall                 Tmut/Erth      8%         N/A       10%         2
 Stone Arrow              Conj/Erth      16%        3d8       24%         3
 Petrify                  Tmut/Erth      10%        N/A       54%         4


Dungeon Overview and Level Annotations

Branches:
Dungeon (2/15)

Altars:

Annotations:
D:2 Terence


Innate Abilities, Weirdness & Mutations

You are immune to sickness and miasma.
Your stone body is resilient. (AC +3)
You are immune to poison.
You resist negative energy. (rN+)
You are resistant to electric shocks. (rElec)
You are resistant to unholy torment.
You are immune to petrification.


Message History

The kobold shoots a bolt.
The bolt closely misses you.
Unknown command.
You release spores at the dart slug!
You kill the dart slug!
Your transformation is almost over.
The kobold shoots a bolt.
The bolt barely misses you.
Unknown command.
You're too terrified to move while being watched!
Unknown command.
The kobold shoots a bolt.
The bolt misses you.
You release spores at the hobgoblin!
You kill the hobgoblin!
The kobold shoots a bolt.
The bolt closely misses you.
The kobold shoots a bolt.
The bolt barely misses you.
Terence laughs at nothing.
The kobold shoots a bolt.
The bolt hits you!
You stop sporulating.
Your +1 whip of flaming unmelds from your body.
Your +0 cloak unmelds from your body.
Your +0 robe unmelds from your body.
Your +1 whip of flaming bursts into flame!
Casting: Sandblast (safe; 3% risk of failure)
Confirm with . or Enter, or press ? or * to list all spells.
You don't know that spell.
Casting: Sandblast (safe; 3% risk of failure)
Confirm with . or Enter, or press ? or * to list all spells.
Aiming: Sandblast (safe; 3% risk of failure)
Press: ? - help, Shift-Dir - straight line, f - Terence
Aim: Terence, wielding a +0 mace, wearing a +0 scale mail and carrying a wand of polymorph (4) (almost dead, confused, 95% to hit)
The blast of sand hits Terence but does no damage.
Terence is almost dead.
The kobold shoots a bolt.
The bolt barely misses you.
Casting: Sandblast (safe; 3% risk of failure)
Confirm with . or Enter, or press ? or * to list all spells.
Aiming: Sandblast (safe; 3% risk of failure)
Press: ? - help, Shift-Dir - straight line, f/p - Terence
Aim: Terence, wielding a +0 mace, wearing a +0 scale mail and carrying a wand of polymorph (4) (almost dead, confused, 95% to hit)
The blast of sand hits Terence but does no damage.
Terence is almost dead.
The kobold shoots a bolt.
The bolt hits you!
You die...

....#.####...#.
................
........#.....#
#........!...+
#.......K...##
#........<....
#....@†.......
+....@........
#.#
#......#......
#.# #####..+
..... #.# #.##
....#####.# #.##
........... #..#
.........# ##.###
#.......#
#...##.##.......#
#...##.##.......>


You could see Terence (confused) and a kobold.

Vanquished Creatures
  A dart slug (D:2)
  A ball python (D:1)
  A bat (D:2)
  7 endoplasms
  A giant cockroach (D:1)
  4 goblins (D:1)
  2 hobgoblins
  4 kobolds
  A quokka (D:1)
  3 frilled lizards (D:1)
  5 rats
30 creatures vanquished.

Notes
Turn   | Place    | Note
-------+----------+-------------------------------------------
     0 | D:1      | safid the Gargoyle Earth Elementalist began the quest for
                  | the Orb.
     0 | D:1      | Reached XP level 1. HP: 10/10 MP: 3/3
   340 | D:1      | Reached skill level 1 in Transmutations
   340 | D:1      | Reached XP level 2. HP: 9/15 MP: 5/5
  1597 | D:1      | Reached XP level 3. HP: 20/20 MP: 6/6
  1698 | D:2      | Reached skill level 4 in Earth Magic
  1934 | D:2      | Noticed Terence
  1962 | D:2      | Shot with a bolt by a kobold

Illustrated notes

Levels and vault maps discovered:
D:1:      amcnicky_arrival_wind_blow, layout_loops_corners, st_stairs_13
D:2:      layout_basic, basic_altar, uniq_terence

Skill      XL: |  1  2  3 |
---------------+----------+-----
Transmutations | 1 |  1.0
Dodging        | 2 |  2.0
Earth Magic    | 4 |  4.0
Fighting       | |  0.9
Stealth        | |  2.6
Spellcasting   | |  2.2

Action                   || total
-------------------------++-------
Melee: Dagger            ||    68
       Punch             ||     1
       Unarmed           ||    14
       Whip              ||     4
 Cast: Sandblast         ||    11
 Stab: Sleeping          ||     4
Armor: Robe              ||    21
       Skin              ||     5
Dodge: Dodged            ||    56
